 Dungeon Crawl Stone Soup version 0.27.1-33-g824d729ab1 (webtiles) character file.

Game seed: 13160160354913578558

53 JuniperTheExplorer the Stinger (level 3, -4/22 HPs)
             Began as an Octopode Venom Mage on Dec 7, 2021.
             Slain by Crazy Yiuf (8 damage)
             ... on level 2 of the Dungeon.
             The game lasted 00:11:46 (3460 turns).

JuniperTheExplorer the Stinger (OpVM)               Turns: 3460, Time: 00:11:47

Health: -4/22      AC:  1    Str:  8    XL:     3   Next: 87%
Magic:  6/6        EV: 13    Int: 17    God:
Gold:   97         SH:  0    Dex: 12    Spells: 3/6 levels left

rFire    . . .     SeeInvis .   (no weapon)
rCold    . . .     Faith    .   (no shield)
rNeg     . . .     Spirit   .   (helmet restricted)
rPois    .         Reflect  .   (no amulet)
rElec    .         Harm     .   (no ring)
rCorr    .         Rampage  .   (no ring)
Will     .....                  (no ring)
Stlth    +++.......             (no ring)
HPRegen  0.07/turn              (no ring)
MPRegen  0.10/turn              (no ring)
                                (no ring)
                                (no ring)

@: no status effects
A: almost no armour, amphibious, 8 rings, camouflage 1, gelatinous body 1,
(nimble swimmer 1), tentacles
a: no special abilities


You were on level 2 of the Dungeon.
You visited 1 branch of the dungeon, and saw 2 of its levels.

You collected 97 gold pieces.

Inventory:

Wands
 i - a wand of acid (12)
Scrolls
 a - a scroll of amnesia {unknown}
 b - a scroll of immolation {unknown}
 f - a scroll of magic mapping {unknown}
 g - a scroll of noise {unknown}
Potions
 c - a potion of curing {unknown}
 d - 3 potions of haste {unknown}
 e - a potion of berserk rage {unknown}
 h - a potion of degeneration {unknown}


   Skills:
 + Level 0.4 Fighting
 + Level 2.2 Dodging
 + Level 2.7 Stealth
 + Level 0.8 Unarmed Combat
 + Level 2.2 Spellcasting
 + Level 1.1 Transmutations
 + Level 4.9 Poison Magic


You had 3 spell levels left.
You knew the following spells:

 Your Spells              Type           Power      Damage    Failure   Level
a - Sting                 Tmut/Pois      48%        1d5       5%          1
b - Poisonous Vapours     Pois/Air       20%        N/A       11%         2

Your spell library contained the following spells:

 Spells                   Type           Power      Damage    Failure   Level
 Mephitic Cloud           Conj/Pois/Air  7%         N/A       28%         3
 Olgreb's Toxic Radiance  Pois           18%        N/A       26%         4


Dungeon Overview and Level Annotations

Branches:
Dungeon (2/15)

Altars:

Annotations:
D:2 Crazy Yiuf


Innate Abilities, Weirdness & Mutations

You cannot wear most types of armour.
You are amphibious.
You can wear up to eight rings at the same time.
Your skin changes colour to match your surroundings (Stealth+).
Your rubbery body absorbs attacks. (AC +1, EV +1)
((You are camouflaged near water. (Stealth+)))
You have tentacles for arms and can constrict up to eight enemies at once.


Message History

A nearby fungus withers and dies.
Found a mace.
Found a runed translucent door.
Things that are here:
a +0 short sword; a kobold skeleton
Found a forked bone wand.
i - a wand of acid (12)
There is a stone staircase leading up here.
Really wriggle into that dispersal trap?
You enter a dispersal trap!
You blink.
You see here a +0 dagger.
There is a stone staircase leading up here.
Crazy Yiuf shouts!
You open the door. You closely miss Crazy Yiuf. You grab Crazy Yiuf.
You constrict Crazy Yiuf, but do no damage.
Crazy Yiuf misses you.
You tentacle-slap Crazy Yiuf but do no damage.
You constrict Crazy Yiuf, but do no damage.
Crazy Yiuf hits you with a +2 quarterstaff of chaos!
Ouch! That really hurt!
Crazy Yiuf freezes you.
* * * LOW HITPOINT WARNING * * *
You tentacle-slap Crazy Yiuf.
Crazy Yiuf is lightly wounded.
You constrict Crazy Yiuf.
Crazy Yiuf cries, "Seed!
Snoogle leg broken."
Crazy Yiuf closely misses you.
You tentacle-slap Crazy Yiuf.
Crazy Yiuf is moderately wounded.
You constrict Crazy Yiuf. Crazy Yiuf misses you.
You tentacle-slap Crazy Yiuf but do no damage.
Crazy Yiuf is heavily wounded.
You constrict Crazy Yiuf. Crazy Yiuf completely misses you.
You tentacle-slap Crazy Yiuf but do no damage.
Your squeeze misses Crazy Yiuf.
Crazy Yiuf is severely wounded.
You constrict Crazy Yiuf.
Crazy Yiuf says, "Cards return to song dark!"
Crazy Yiuf hits you with a +2 quarterstaff of chaos!
You die...

#.#
#.##...#####.###.#
#..# #.# #.######
### #.# #..# #.#
#...# ##.####..###
#.# #...# #####
#...##(.....
#.####..># #..)#
#........##.
#..÷÷....# #...#
#.......###.
######...# ...
######..# #. #...#
#g# #..# #. ###.#
♣♣@♣ ######..# #.
#.# ♣.♣♣
#.......###. ###
♣♣.♣ ######......
♣.♣♣ ####### ♣♣.♣
♣..♣♣♣
############
♣....♣
#...........
#....#
############
##..##


You could see Crazy Yiuf.

Vanquished Creatures
  2 adders (D:2)
  A dart slug (D:1)
  2 bats
  5 endoplasms
  2 giant cockroaches (D:1)
  3 goblins
  3 hobgoblins
  2 jackals (D:2)
  A quokka (D:1)
  A ball python (D:1)
  A frilled lizard (D:1)
  3 kobolds
  5 rats (D:1)
31 creatures vanquished.

Vanquished Creatures (others)
  11 demonic plants (D:1)
  13 fungi
  11 plants (D:1)
  4 withered plants (D:1)
39 creatures vanquished.

Grand Total: 70 creatures vanquished

Notes
Turn   | Place    | Note
-------+----------+-------------------------------------------
     0 | D:1      | JuniperTheExplorer the Octopode Venom Mage began the quest
                  | for the Orb.
     0 | D:1      | Reached XP level 1. HP: 11/11 MP: 3/3
   485 | D:1      | Reached skill level 4 in Poison Magic
   580 | D:1      | Reached XP level 2. HP: 17/17 MP: 5/5
   583 | D:1      | Learned a level 2 spell: Poisonous Vapours
   746 | D:1      | Found a faded altar of an unknown god.
  2115 | D:2      | Reached XP level 3. HP: 18/22 MP: 6/6
  3178 | D:2      | Found a runed translucent door.
  3179 | D:2      | Noticed Crazy Yiuf
  3460 | D:2      | Slain by Crazy Yiuf

Illustrated notes

Levels and vault maps discovered:
D:1:      kilobyte_arrival_exit_the_forest, layout_basic,
          shapermc_ecumenical_altar_gd
D:2:      layout_loops_ring, uniq_crazy_yiuf_cottage

Skill      XL: |  1 |
---------------+----+-----
Poison Magic   | 4 |  4.9
Fighting       | |  0.4
Dodging        | |  2.2
Stealth        | |  2.7
Unarmed Combat | |  0.8
Spellcasting   | |  2.2
Transmutations | |  1.1

Action                   || total
-------------------------++-------
Melee: Unarmed           ||   161
       Constrict         ||    67
       Tentacles         ||    35
 Cast: Sting             ||     1
  Use: Scroll            ||     1
 Stab: Sleeping          ||     3
Armor: Skin              ||     9
Dodge: Dodged            ||    94
